 Dungeon Crawl Stone Soup version 0.20-a0-972-gb9bd3e6 (webtiles) character file.

236 Firecrotchwizard the Spear-Bearer (level 6, 0/44 HPs)
             Began as a Merfolk Gladiator on Apr 10, 2017.
             Slain by fantismo's ghost (7 damage)
             ... on level 3 of the Dungeon.
             The game lasted 00:06:01 (2928 turns).

Firecrotchwizard the Spear-Bearer (MfGl)            Turns: 2928, Time: 00:06:02

Health: 0/44       AC:  9    Str: 14    XL:     6   Next: 6%
Magic:  6/6        EV: 13    Int:  8    God:
Gold:   115        SH:  0    Dex: 17    Spells: 5/5 levels left

rFire    . . .     SeeInvis .   a - +0 trident
rCold    . . .     Gourm    .   (no shield)
rNeg     . . .     Faith    .   e - +0 swamp dragon scales
rPois    +         Spirit   .   c - +0 helmet
rElec    .         Reflect  .   s - +0 cloak
rCorr    .         Harm     .   (no gloves)
MR       .....                  (no boots)
Stlth    +.........             (no amulet)
Regen    0.2/turn               (no ring)
MPRegen  0.1/turn               (no ring)

@: no status effects
A: change form in water, swift swim, stealthy swim
a: no special abilities


You were on level 3 of the Dungeon.
You were hungry.

You visited 1 branch of the dungeon, and saw 3 of its levels.

You collected 115 gold pieces.

Inventory:

Hand Weapons
 a - a +0 trident (weapon)
Missiles
 d - 3 throwing nets (quivered)
Armour
 b - a +0 leather armour
 c - a +0 helmet (worn)
 e - +0 swamp dragon scales (worn)
 s - a +0 cloak (worn)
Scrolls
 i - 2 scrolls of identify {unknown}
 n - 3 scrolls of teleportation {unknown}
 q - a scroll of remove curse {unknown}
 u - 2 scrolls of enchant weapon {unknown}
 v - a scroll of fog {unknown}
 w - a scroll of blinking {unknown}
 x - a scroll of magic mapping {unknown}
Potions
 k - 2 potions of flight {unknown}
 l - a potion of ambrosia {unknown}
 m - 2 potions of might {unknown}
 p - a potion of invisibility {unknown}
 r - 2 potions of brilliance {unknown}
 t - a potion of mutation {unknown}
 z - a potion of heal wounds {unknown}
Comestibles
 f - 4 bread rations
 g - a royal jelly
 h - a chunk of flesh
 j - 2 meat rations
 o - 7 fruits


   Skills:
 - Level 2.1 Fighting
 + Level 9.4 Polearms
 - Level 2.0 Throwing
 - Level 4.0 Dodging


You had 5 spell levels left.
You didn't know any spells.

Dungeon Overview and Level Annotations

Branches:
Dungeon (3/15)

Altars:
Fedhas
Sif Muna
Wu Jian

Annotations:
D:3 fantismo's ghost, amateur DrFi


Message History

Fantismo's ghost is severely damaged.
Fantismo's ghost barely misses you.
You hit fantismo's ghost.
Fantismo's ghost is almost destroyed.
Fantismo's ghost barely misses you.
You hit fantismo's ghost but do no damage.
Fantismo's ghost is almost destroyed.
You barely miss fantismo's ghost.
Fantismo's ghost is almost destroyed.
Fantismo's ghost hits you but does no damage.
Your swamp dragon scales prevents you from hitting fantismo's ghost.
Fantismo's ghost is almost destroyed.
Fantismo's ghost hits you.
* * * LOW HITPOINT WARNING * * *
You closely miss fantismo's ghost.
Fantismo's ghost is almost destroyed.
Fantismo's ghost hits you.
* * * LOW HITPOINT WARNING * * *
Fantismo's ghost hits you!
You die...

### #.# #.. #[# #.#
################.#
..............##.#
#######..####.##.# #
.........(....gW@#.#
#######..####.####.#
#..# #.....#.# #..#
#.......### #..#
#.###s....# #..# #.
#.###...# #..# ##
#..# #.. .g......#
##.####..


You could see fantismo's ghost and a goblin.

Vanquished Creatures
  Crazy Yiuf (D:2)
  Jessica (D:2)
  Terence (D:2)
  3 gnolls (D:3)
  5 adders
  2 oozes (D:2)
  An adder zombie (D:1)
  2 worms
  3 dart slugs (D:2)
  3 leopard geckos
  2 ball pythons (D:2)
  5 bats
  3 giant cockroaches
  7 goblins
  10 hobgoblins
  5 kobolds
  2 quokkas (D:2)
  2 frilled lizards
  A leopard gecko zombie (D:1)
  2 rats (D:2)
61 creatures vanquished.

Notes
Turn   | Place    | Note
-------+----------+-------------------------------------------
     0 | D:1      | Firecrotchwizard the Merfolk Gladiator began the quest for the Orb.
     0 | D:1      | Reached XP level 1. HP: 16/16 MP: 1/1
    39 | D:1      | Reached skill level 5 in Polearms
    44 | D:1      | Reached XP level 2. HP: 22/22 MP: 2/2
   892 | D:2      | Reached skill level 6 in Polearms
   892 | D:2      | Reached XP level 3. HP: 19/27 MP: 3/3
  1156 | D:2      | Found a blossoming altar of Fedhas.
  1160 | D:2      | Noticed Terence
  1182 | D:2      | Killed Terence
  1182 | D:2      | Reached skill level 7 in Polearms
  1182 | D:2      | Reached XP level 4. HP: 33/33 MP: 4/4
  1279 | D:2      | Found a runed door.
  1418 | D:2      | Found a faded altar of an unknown god.
  1477 | D:2      | Noticed Jessica
  1488 | D:2      | Killed Jessica
  1488 | D:2      | Reached skill level 8 in Polearms
  1488 | D:2      | Reached XP level 5. HP: 5/38 MP: 5/5
  2209 | D:2      | Noticed Crazy Yiuf
  2215 | D:2      | Killed Crazy Yiuf
  2305 | D:3      | Found a deep blue altar of Sif Muna.
  2339 | D:3      | Reached skill level 9 in Polearms
  2536 | D:3      | Reached XP level 6. HP: 44/44 MP: 6/6
  2721 | D:3      | Found an ornate altar of the Wu Jian Council.
  2722 | D:3      | Noticed fantismo's ghost (amateur DrFi)
  2928 | D:3      | Slain by fantismo's ghost

Vault maps used:
D:1:      saegor_arrival_fortress
D:2:      fedhas_altar_fruit_tree, chequers_ecumenical_altar_twisty,
          kennysheep_generic_room_10, uniq_jessica, uniq_crazy_yiuf_cottage,
          uniq_terence
D:3:      lemuel_blue_sif_altar, nicolae_overflow_crystal_walls, first_bread

Skill      XL: |  1  2  3  4  5 |
---------------+----------------+-----
Polearms       | 5 6 7 8 9 |  9.4
Fighting       | |  2.1
Throwing       | |  2.0
Dodging        | |  4.0

Action                   |  1- 3 |  4- 6 || total
-------------------------+-------+-------++-------
Melee: Trident           |    80 |   189 ||   269
 Stab: Sleeping          |     1 |       ||     1
  Eat: Chunk             |     1 |     5 ||     6
Armor: Swamp dragon scal |    16 |    27 ||    43
Dodge: Dodged            |    50 |    80 ||   130
